 Dungeon Crawl Stone Soup version 0.22-a0-278-g8f80174 (webtiles) character file.

2065 StormFighter the Grappler (level 9, 0/87 HPs)
             Began as a Troll Hunter on Mar 15, 2018.
             Was a Follower of Cheibriados.
             Slain by a crimson imp (1 damage)
             ... on level 8 of the Dungeon.
             The game lasted 00:11:58 (4706 turns).

StormFighter the Grappler (Troll Hunter)            Turns: 4706, Time: 00:11:59

Health: 0/87       AC:  6    Str: 24    XL:     9   Next: 5%
Magic:  12/17      EV: 11    Int: 12    God:    Cheibriados [*.....]
Gold:   380        SH:  0    Dex: 12    Spells: 6/8 levels left

rFire    . . .     SeeInvis .     - Unarmed
rCold    . . .     Gourm    +   (no shield)
rNeg     . . .     Faith    .   b - +0 robe
rPois    +         Spirit   .   (helmet restricted)
rElec    .         Reflect  .   g - +0 cloak
rCorr    .         Harm     .   (gloves unavailable)
MR       .....                  (boots unavailable)
Stlth    +.........             y - amulet of regeneration
HPRegen  1.04/turn              l - ring of poison resistance
MPRegen  0.15/turn              o - ring of magical power

@: lethally poisoned (0 -> -1), very slow
A: large, unfitting armour, claws 3, fast metabolism 3, gourmand, regeneration
1, shaggy fur 1, tough skin 2
a: Bend Time, Renounce Religion


You were on level 8 of the Dungeon.
You worshipped Cheibriados.
Cheibriados was aware of your devotion.
You were very full.

You visited 2 branches of the dungeon, and saw 9 of its levels.

You collected 380 gold pieces.

Inventory:

Missiles
 c - 5 large rocks (quivered)
 d - 3 throwing nets
 u - 43 arrows
Armour
 b - a +0 robe (worn)
 g - a +0 cloak (worn)
Jewellery
 l - a ring of poison resistance (left claw)
 o - a ring of magical power (right claw)
 r - an uncursed ring of ice
 y - an amulet of regeneration (around neck)
Wands
 q - a wand of scattershot (6)
 s - a wand of iceblast (9)
 B - a wand of acid (5)
Scrolls
 a - 2 scrolls of magic mapping {unknown}
 e - 13 scrolls of identify
 h - 4 scrolls of remove curse {unknown}
 i - 4 scrolls of fog {unknown}
 k - a scroll of immolation {unknown}
 m - 4 scrolls of amnesia {unknown}
 n - 3 scrolls of enchant armour {unknown}
 v - a scroll of blinking {unknown}
 w - 3 scrolls of enchant weapon {unknown}
 x - 2 scrolls of random uselessness {unknown}
 D - 5 scrolls of teleportation {unknown}
Potions
 j - a potion of curing {unknown}
 p - 2 potions of mutation {unknown}
 t - a potion of invisibility {unknown}
 z - a potion of ambrosia {unknown}
 A - a potion of agility {unknown}
 C - a potion of lignification {unknown}
 E - a potion of haste {unknown}
Comestibles
 f - 21 rations
 F - 6 chunks of flesh


   Skills:
 * Level 4.8 Fighting
 - Level 3.6 Throwing
 + Level 3.5 Dodging
 - Level 0.3 Stealth
 + Level 9.7 Unarmed Combat


You had 6 spell levels left.
You knew the following spells:

 Your Spells              Type           Power        Failure   Level  Hunger
a - Sticks to Snakes      Tmut           #.......     45%         2    ###....


Dungeon Overview and Level Annotations

Branches:
Dungeon (8/15)             Temple (1/1) D:7
   Lair: D:8-11

Altars:
Ashenzari
Cheibriados
Dithmenos
Elyvilon
Fedhas
Gozag
Hepliaklqana
Kikubaaqudgha
Makhleb
Nemelex Xobeh
Okawaru
Qazlal
Ru
Sif Muna
Trog
Uskayaw
Vehumet
Wu Jian
Xom
Yredelemnul
Zin
The Shining One

Shops:
D:6 =

Annotations:
D:5 2 transporters


Innate Abilities, Weirdness & Mutations

You are too large for most types of armour.
You have claws for hands.
Your metabolism is lightning-fast.
You like to eat raw meat.
Your natural rate of healing is unusually fast.
You are covered in fur. (AC +1)
You have very tough skin. (AC +2)


Message History

There is a stone staircase leading down here.
The adder misses you.
The orc warrior hits you with an enchanted trident!
* * * LOW HITPOINT WARNING * * *
The orc misses you. The orc barely misses your ball python.
Your ball python bites the orc but does no damage.
Your ball python constricts the orc.
The adder bites you but does no damage.
Unknown command.
Unknown command.
Unknown command.
You claw the orc warrior!
You kill the orc warrior!
Cheibriados appreciates the change of pace.
Your ball python bites the orc but does no damage.
Your ball python constricts the orc.
The adder bites you.
* * * LOW HITPOINT WARNING * * *
The orc barely misses your ball python. The orc hits you with a war axe.
* * * LOW HITPOINT WARNING * * *
The crimson imp hits you.
You die...

..<..###...[........#
#.....# .####
#............#
#######
#............####
#########........
######### #.#######
........# #.#
........###.# #######
..........5.# .......
..........S@# .......
..........o)# .......
..........S)##.......
..............)......
..............[......
........###.)........
....... #..........
...... #..........
...# #..........


You could see a crimson imp, an adder, an orc and a friendly ball python.

Vanquished Creatures
  A wyvern (D:8)
  2 ice beasts
  An orc warrior (D:8)
  4 ogres
  A centaur (D:7)
  A bullfrog (D:6)
  A gnoll sergeant (D:6)
  A howler monkey (D:4)
  A crimson imp (D:7)
  A jelly (D:8)
  4 orc priests
  An iron imp (D:6)
  3 bullfrog skeletons
  2 iguanas
  Ijyb (D:4)
  6 orc wizards
  10 worker ants
  A hound zombie (D:7)
  A hound skeleton (D:6)
  A worker ant zombie (D:8)
  3 gnolls
  10 adders
  2 worms (D:2)
  An adder skeleton (D:6)
  An adder zombie (D:5)
  3 dart slugs
  3 leopard geckos
  18 orcs
  4 bats
  4 giant cockroaches
  3 goblins
  7 hobgoblins
  13 jackals
  3 quokkas
  A ball python (D:2)
  5 frilled lizards
  5 goblin skeletons (D:6)
  A goblin zombie (D:6)
  2 hobgoblin zombies (D:6)
  8 kobolds
  A kobold skeleton (D:6)
  An orc skeleton (D:6)
  An orc zombie (D:6)
  7 rats
151 creatures vanquished.

Notes
Turn   | Place    | Note
-------+----------+-------------------------------------------
     0 | D:1      | StormFighter the Troll Hunter began the quest for the Orb.
     0 | D:1      | Reached XP level 1. HP: 19/19 MP: 0/0
   143 | D:1      | Reached skill level 1 in Unarmed Combat
   259 | D:1      | Reached XP level 2. HP: 27/27 MP: 1/1
   366 | D:2      | Reached skill level 2 in Unarmed Combat
   695 | D:2      | Reached XP level 3. HP: 32/33 MP: 2/2
   831 | D:2      | Reached skill level 3 in Unarmed Combat
   983 | D:3      | Reached XP level 4. HP: 39/41 MP: 3/3
  1060 | D:3      | Reached skill level 4 in Unarmed Combat
  1095 | D:2      | Found an ancient bone altar of Kikubaaqudgha.
  1326 | D:3      | Found a sparkling altar of Nemelex Xobeh.
  1423 | D:4      | Noticed an ogre
  1435 | D:4      | Killed an ogre
  1435 | D:4      | Reached skill level 5 in Unarmed Combat
  1435 | D:4      | Reached XP level 5. HP: 40/48 MP: 4/4
  1635 | D:4      | Reached skill level 6 in Unarmed Combat
  1635 | D:4      | Reached XP level 6. HP: 48/55 MP: 5/5
  1678 | D:4      | Noticed Ijyb
  1684 | D:4      | Killed Ijyb
  2287 | D:5      | Entered Level 5 of the Dungeon
  2314 | D:5      | Found a stormy altar of Qazlal.
  2320 | D:5      | Reached skill level 7 in Unarmed Combat
  2376 | D:5      | Reached XP level 7. HP: 50/62 MP: 6/6
  2391 | D:5      | Found a transporter.
  2415 | D:5      | Found a transporter.
  2777 | D:6      | Reached skill level 8 in Unarmed Combat
  2880 | D:6      | Found Hyciux's Jewellery Emporium.
  2965 | D:6      | Learned a level 2 spell: Sticks to Snakes
  3027 | D:6      | Found a glowing golden altar of the Shining One.
  3310 | D:7      | Reached skill level 9 in Unarmed Combat
  3348 | D:7      | Reached XP level 8. HP: 47/72 MP: 7/7
  3625 | D:7      | Found a staircase to the Ecumenical Temple.
  3655 | Temple   | Entered the Ecumenical Temple
  3699 | Temple   | Became a worshipper of Cheibriados the Contemplative
  4578 | D:8      | Reached * piety under Cheibriados
  4697 | D:8      | Reached XP level 9. HP: 48/85 MP: 8/8
  4706 | D:8      | HP: 1/87 [orc/war axe (4)]
  4706 | D:8      | Slain by a crimson imp

Vault maps used:
D:1:      shiori_arrival_oz, minmay_tetromino_i2
D:2:      nicolae_overflow_hidden_temple, minmay_split_cup_large
D:3:      nemelex_spade_bored_becter
D:4:      first_ration, sigmund_army, uniq_ijyb
D:5:      gammafunk_wand_slinger, grunt_qazlal_clouds
D:6:      serial_shops, nicolae_shop_window_shopping,
          nicolae_tso_besieged_by_evil
D:7:      minmay_temple_entry_statues_pillars, grunt_ogre_cave
D:8:      kennysheep_small_circle
Temple:   compressed_dpeg_circular_temple

Skill      XL: |  1  2  3  4  5  6  7  8 |
---------------+-------------------------+-----
Unarmed Combat | 1 2 3 5 6 7 9 |  9.7
Fighting       | 2 4 |  4.8
Dodging        | 3 |  3.5
Throwing       | |  3.6
Stealth        | |  0.3

Action                   |  1- 3 |  4- 6 |  7- 9 || total
-------------------------+-------+-------+-------++-------
Melee: Unarmed           |    97 |   121 |   200 ||   418
       Punch             |       |     4 |    10 ||    14
 Cast: Sticks to Snakes  |       |       |     3 ||     3
Evoke: Wand              |       |       |     3 ||     3
  Use: Potion            |     1 |       |       ||     1
       Scroll            |       |       |     1 ||     1
 Stab: Sleeping          |     1 |     1 |     1 ||     3
  Eat: Chunk             |    13 |    14 |    23 ||    50
Armor: Robe              |    36 |    38 |    63 ||   137
Dodge: Dodged            |    59 |    57 |   106 ||   222

Table legend:
 A = Spawn XP
 B = Non-spawn XP
 C = Spawn XP percentage of total XP
 D = Spawn monster count
 E = Non-spawn monster count
 F = Spawn count percentage of total count
 G = Total turns spent on level
                    A         B        C        D         E        F      G
               +---------+---------+-------+---------+---------+-------+---------
         Total |       0 |    2950 |   0.0 |       0 |     151 |   0.0 |  4706
               +---------+---------+-------+---------+---------+-------+---------
           D:1 |       0 |      23 |   0.0 |       0 |      15 |   0.0 |   446
           D:2 |       0 |      40 |   0.0 |       0 |      19 |   0.0 |   494
           D:3 |       0 |     101 |   0.0 |       0 |      21 |   0.0 |   462
           D:4 |       0 |     436 |   0.0 |       0 |      25 |   0.0 |   915
           D:5 |       0 |     255 |   0.0 |       0 |      11 |   0.0 |   518
           D:6 |       0 |     568 |   0.0 |       0 |      28 |   0.0 |   529
           D:7 |       0 |     658 |   0.0 |       0 |      15 |   0.0 |   973
           D:8 |       0 |     869 |   0.0 |       0 |      17 |   0.0 |   281
               +---------+---------+-------+---------+---------+-------+---------
